Thistle, neutral female sylph Wizard -------------------------------- ----- |..............................| ##....| |.------|--------------..-----.| # |<... |.|....|..|...|....| +.)-...|.| ### ----- |.|....|..|...|....| |..|...|.| # |.-|------|...||---- |..| ..|.| ### |......|..| . |.| |.)-----.| # |.----.|..|-+--.| |........|### |.|..-.-|--..{..-+-- |%------.|# |.|..|.............- -@-.i.@|.|# |.|----|--.----|--......|..@.|..# |.| |...|.+ |.. +----------|.| |.| |(((|.| |!%| |.#|%%.-.| |.| |(((|.---|!!| |..|%(.|.| |.-+------..{.---------|------.| ...............[...............| -------------------------------- Thistle the Conjurer Experience level: 5 Strength: 12 Dexterity: 9 Constitution: 12 Intelligence: 19 Wisdom: 15 Charisma: 10 Health: 22(38) Energy: 101(101) Def: 1 Gold: 485 Moves: 2400 Dungeon seed: DTl36Cd85VHJU5fs Game ID: Thistle_1487946248 Your Inventory: Coins $ - 485 gold pieces Weapons a - a blessed +1 quarterstaff (weapon in hands) m - a blessed +2 long sword named Sword of Redress t - 7 +0 daggers (in quiver) v - the +0 Frost Brand (alternate weapon; not wielded) I - 2 cursed -1 daggers K - a +1 dagger Armor e - an uncursed +0 cloak of magic resistance (being worn) Comestibles r - 2 uncursed eucalyptus leaves Scrolls i - an uncursed scroll of remove curse p - an uncursed scroll of magic mapping q - an uncursed scroll of scare monster E - an uncursed scroll of destroy armor L - an uncursed scroll of enchant weapon Spellbooks b - a blessed spellbook of force bolt c - an uncursed spellbook of light s - an uncursed spellbook of restore ability F - an uncursed spellbook of magic missile Potions f - a blessed potion of gain energy g - an uncursed potion of healing l - an uncursed potion of hallucination w - an uncursed potion of blindness C - a cursed potion of booze W - an uncursed potion of fruit juice Rings X - an uncursed ring of searching Wands d - a wand of nothing (0:7) A - a wand of digging (0:3) Tools k - an uncursed tin whistle Gems n - an uncursed worthless piece of violet glass y - 3 uncursed worthless pieces of yellow glass z - 2 uncursed worthless pieces of red glass N - an uncursed worthless piece of yellowish brown glass V - an uncursed worthless piece of white glass Y - an uncursed worthless piece of black glass Spells and supernatural/magical abilities: Name Level Category Fail Memory a - force bolt 1 attack 0% 89% l - light 1 divination 0% 89% R - restore ability 4 healing 80% 93% W - pray for help -- divine ? -- Your skills at the end: Miscellaneous Skills wands [Basic] Weapon Skills quarterstaff [Basic] Spellcasting Skills attack spells [Basic] enchantment spells [Basic] Final Attributes: You were devoutly aligned. You were magic-protected. You saw invisible. You had infravision. You were stealthy. You were protected from shape changers. You were very unlucky. Thoth was angry with you. You are dead. Vanquished creatures: a gnome king a fog cloud a violet fungus 3 gnome lords 2 gnomish wizards a giant ant a floating eye a kitten 9 dwarves 2 jitterbugs a monkey a hobbit an acid blob a large kobold 3 geckos a hobgoblin 15 gnomes 2 gnome zombies 3 jackals 3 newts 2 goblins 4 sewer rats 5 grid bugs 2 bats a lichen 67 creatures vanquished. Voluntary challenges: You followed a strict vegan diet. You did not eat until turn 1970. You did not adorn yourself with jewelry or accessories. You did not cause conflict. You were not invisible. You did not have reflection. You were not displaced. You used a wielded weapon 37 times, starting on turn 23. You did not apply a unicorn horn. You did not use plumbed fixtures. You did not drink any magical draughts. You read items or engraved 15 times, starting on turn 920. You never genocided any monsters. You never polymorphed an object. You never changed form. You used no wishes. You never split a pudding. You never wrote Elbereth's name. You violated your moral code, losing 1 point of alignment, starting on turn 1968. Dungeon overview: The Dungeons of Doom: levels 1 to 4 Level 1 a fountain a long staircase Level 2 a scroll shop, a fountain Level 3 some fountains stairs to The Gnomish Mines Level 4 The Gnomish Mines: levels 4 to 7 Level 4 stairs to The Dungeons of Doom Level 5 Level 6 Level 7 <- You were here some shops, a temple to Anhur, some fountains, a sink History has recorded: On T:1 you entered the Dungeons of Doom to retrieve the Amulet of Yendor! On T:117 you reached level 2 of The Dungeons of Doom. On T:359 you advanced to experience level 2. On T:405 you reached level 3 of The Dungeons of Doom. On T:610 you advanced to experience level 3. On T:763 you prayed to Thoth. On T:770 you reached level 4 of The Dungeons of Doom. On T:1020 you reached level 1 of The Gnomish Mines. On T:1195 you advanced to experience level 4. On T:1349 you prayed to Thoth. On T:1433 you reached level 2 of The Gnomish Mines. On T:1458 you advanced to experience level 5. On T:1508 you reached level 3 of The Gnomish Mines. On T:1954 you advanced to experience level 6. On T:2067 you reached level 4 of The Gnomish Mines. On T:2122 you prayed to Thoth. On T:2387 you entered the Minetown temple On T:2391 you prayed to Thoth. On T:2394 you prayed to Thoth. On T:2397 you prayed to Thoth. Score breakdown: Gold: 485 ( 48 points) Experience: 5 levels ( 400 points) Exploration: 7 levels ( 180 points) Discoveries: 26 items ( 1300 points) Variety of kills: 25 monsters ( 1250 points) Major goal: reached Minetown ( 500 points) Survival: died (score multiplied by 3) Total score: 11034 Latest messages: You see here a gnomish wizard corpse. The priestess of Anhur intones: "Pilgrim, you enter a sacred place!" You have a strange forbidding feeling... The homunculus bites! You begin praying to Anhur. The homunculus bites! (2x) The voice of Thoth thunders: "Thou art arrogant, mortal." "Thou must relearn thy lessons!" You feel foolish! Goodbye level 6. You begin praying to Anhur. The homunculus bites! (3x) The voice of Thoth booms: "Thou hast angered me." You are being punished for your misbehavior! You begin praying to Anhur. The homunculus bites! (3x) The voice of Thoth rings out: "Thou hast angered me." Suddenly, a bolt of lightning strikes you! You fry to a crisp. Final status: Goodbye Thistle the Wizard, killed by the wrath of Thoth... You died in The Gnomish Mines on dungeon level 7 with 11034 points, and 485 pieces of gold, after 2400 moves. You were level 5 with a maximum of 38 hit points when you died.